 Dungeon Crawl Stone Soup version 0.27.0-1-g7a089689b8 (webtiles) character file.

Game seed: 12732073094334461628

354 inmateoo the Insei (level 6, -1/41 HPs)
             Began as an Octopode Transmuter on Aug 14, 2021.
             Killed by divine providence
             ... invoked by an orc priest
              (17 damage)
             ... on level 4 of the Dungeon.
             The game lasted 00:06:41 (2754 turns).

inmateoo the Insei (Octopode Transmuter)            Turns: 2754, Time: 00:06:42

Health: -1/41      AC:  2    Str: 16    XL:     6   Next: 63%
Magic:  8/10       EV: 20    Int: 17    God:
Gold:   108        SH:  0    Dex: 17    Spells: 3/11 levels left

rFire    . . .     SeeInvis .     - Unarmed
rCold    . . .     Faith    .   (shield currently unavailable)
rNeg     . . .     Spirit   .   (helmet currently unavailable)
rPois    .         Reflect  .   (no amulet)
rElec    .         Harm     .   a - +6 ring of strength
rCorr    .         Rampage  .   h - ring of poison resistance
Will     .....                  (no ring)
Stlth    ++........             (no ring)
HPRegen  0.13/turn              (no ring)
MPRegen  0.12/turn              (no ring)
                                (no ring)
                                (no ring)

@: spider-form (expiring)
A: venomous fangs, almost no armour, (amphibious), 8 rings, tiny, (camouflage
1), (gelatinous body 1), (nimble swimmer 1), (tentacles)
a: End Transformation


You were on level 4 of the Dungeon.
You were a venomous arachnid creature.
You visited 1 branch of the dungeon, and saw 4 of its levels.

You collected 108 gold pieces.

Inventory:

Jewellery
 a - a +6 ring of strength (left front leg)
 h - a ring of poison resistance (right front leg)
Wands
 i - a wand of digging (7)
Scrolls
 b - 3 scrolls of magic mapping
 e - a scroll of identify
Potions
 c - a potion of haste {unknown}
 d - a potion of ambrosia {unknown}
 f - a potion of invisibility {unknown}
 g - 2 potions of curing {unknown}


   Skills:
 + Level 2.6 Fighting
 - Level 3.0 Dodging
 + Level 3.2 Stealth
 + Level 3.9 Unarmed Combat
 + Level 3.0 Spellcasting
 + Level 1.0 Conjurations
 + Level 3.2 Transmutations
 + Level 1.5 Poison Magic


You had 3 spell levels left.
You knew the following spells:

 Your Spells              Type           Power      Damage    Failure   Level
a - Beastly Appendage     Tmut           26%        N/A       14%         1
b - Wereblood             Tmut           13%        N/A       19%         2
c - Spider Form           Tmut/Pois      5%         N/A       41%         3
d - Searing Ray           Conj           12%        3d3       36%         2

Your spell library contained the following spells:

 Spells                   Type           Power      Damage    Failure   Level
 Magic Dart               Conj           24%        1d4       28%         1
 Ice Form                 Ice/Tmut       8%         N/A       83%         4
 Fulminant Prism          Conj/Hex       2%         3d6       92%         4


Dungeon Overview and Level Annotations

Branches:
Dungeon (4/15)
 Temple: D:4-7

Altars:
Sif Muna


Innate Abilities, Weirdness & Mutations

You are a venomous arachnid creature.
You have poisonous fangs.
You are tiny and dextrous.
Your spellcasting is less reliable in this form.
Your armour is entirely melded.
You are incapable of wielding weapons or throwing items.
You cannot wear most types of armour.
((You are amphibious.))
You can wear up to eight rings at the same time.
((Your skin changes colour to match your surroundings (Stealth+).))
((Your rubbery body absorbs attacks. (AC +1, EV +1)))
((You are camouflaged near water. (Stealth+)))
((You have tentacles for arms and can constrict up to eight enemies at once.))


Message History

Your primal bloodlust has ended.
You start resting.
Magic restored.
You start resting.
HP restored.
Casting: Wereblood (safe; 7% risk of failure)
Confirm with . or Enter, or press ? or * to list all spells.
The spell is quite dangerous to cast (21% risk of failure)!
Continue anyway?
You miscast Spider Form.
You are very lightly contaminated with residual magic.
Nothing appears to happen.
You start resting.
Your magical contamination has completely faded away.
You start resting.
Magic restored.
Casting: Spider Form (quite dangerous; 21% risk of failure)
Confirm with . or Enter, or press ? or * to list all spells.
The spell is quite dangerous to cast (21% risk of failure)!
Continue anyway?
You turn into a venomous arachnid creature.
You climb downwards.
The orc priest mumbles some strange prayers to Beogh against you.
You barely resist.
There is a stone staircase leading up, spattered with blood here.
Items here: " ( )))) †††.
The orc priest hits you from afar with a +0 trident!
The orc priest hits you with a +0 trident.
You barely miss the orc priest. You barely miss the orc priest.
The orc priest closely misses you.
You hit the orc priest.
The orc priest is lightly wounded.
The orc priest calls down the wrath of Beogh upon you.
Beogh smites you!
You hit the orc priest.
The orc priest is heavily wounded.
The orc priest misses you.
You barely miss the orc priest.
The orc priest is heavily wounded.
Your transformation is almost over.
The orc priest calls down the wrath of Beogh upon you.
Beogh smites you!
You die...

#. #...## ...
..... .... ...
..... ##.##
......#...#
#......o.#
#...#..##<#
##.##.##..#
......##.s#..#
..#...o.[..#
..............#
........##....#
........#
...)..
.##......
....... #......
.....## .......
##.(..
#...?....


You could see an orc warrior and an orc priest.

Vanquished Creatures
  An ogre (D:2)
  A centaur (D:4)
  Jessica (D:3)
  Terence (D:3)
  4 gnolls (D:3)
  4 adders
  2 dart slugs
  An orc (D:4)
  6 bats
  8 endoplasms
  3 giant cockroaches
  9 goblins
  6 hobgoblins
  6 kobolds
  A quokka (D:1)
  4 ball pythons
  3 frilled lizards
  3 rats
64 creatures vanquished.

Notes
Turn   | Place    | Note
-------+----------+-------------------------------------------
     0 | D:1      | inmateoo the Octopode Transmuter began the quest for the
                  | Orb.
     0 | D:1      | Reached XP level 1. HP: 13/13 MP: 3/3
   129 | D:1      | Found a faded altar of an unknown god.
   162 | D:1      | Reached XP level 2. HP: 17/18 MP: 3/5
   285 | D:1      | Reached skill level 1 in Stealth
   388 | D:1      | Reached XP level 3. HP: 16/23 MP: 6/6
  1022 | D:2      | Noticed an ogre
  1060 | D:1      | Learned a level 2 spell: Wereblood
  1065 | D:1      | Learned a level 3 spell: Spider Form
  1344 | D:2      | Killed an ogre
  1345 | D:2      | Reached XP level 4. HP: 19/29 MP: 2/7
  1345 | D:2      | Reached XP level 5. HP: 22/34 MP: 2/8
  1947 | D:3      | Learned a level 2 spell: Searing Ray
  2027 | D:3      | Noticed Terence
  2041 | D:3      | Killed Terence
  2042 | D:3      | Reached skill level 1 in Poison Magic
  2042 | D:3      | Reached XP level 6. HP: 40/40 MP: 6/10
  2312 | D:3      | Noticed Jessica
  2560 | D:3      | Killed Jessica
  2562 | D:3      | Found a shimmering blue altar of Sif Muna.
  2656 | D:4      | Noticed an orc warrior
  2671 | D:4      | Reached skill level 1 in Conjurations
  2754 | D:4      | Killed from afar by an orc priest

Illustrated notes

Levels and vault maps discovered:
D:1:      onia_arrival_pyramid, layout_rooms, hellmonk_ecumenical_altar_run_dry,
          minmay_tree_intersection
D:2:      layout_rooms
D:3:      layout_rooms, tgw_sif, minmay_puff, uniq_terence, uniq_jessica
D:4:      layout_cave_pools, mainiacjoe_overflow_alcove_1, serial_shops, shop,
          uniq_grinder

Skill      XL: |  1  2  3  4  5  6 |
---------------+-------------------+-----
Stealth        | 1 2 3 |  3.2
Fighting       | 2 |  2.6
Transmutations | 3 |  3.2
Poison Magic   | 1 |  1.5
Dodging        | 3 |  3.0
Spellcasting   | 3 |  3.0
Conjurations   | 1 |  1.0
Unarmed Combat | |  3.9

Action                   |  1- 3 |  4- 6 || total
-------------------------+-------+-------++-------
Melee: Unarmed           |    63 |    59 ||   122
       Constrict         |    19 |     9 ||    28
       Tentacles         |     7 |     8 ||    15
       Kick              |    12 |     1 ||    13
       Punch             |     2 |     1 ||     3
 Cast: Beastly Appendage |    16 |     2 ||    18
       Spider Form       |     1 |     6 ||     7
       Wereblood         |     1 |     2 ||     3
       Searing Ray       |       |     1 ||     1
  Use: Scroll            |     6 |       ||     6
 Stab: Sleeping          |     1 |    11 ||    12
Armor: Skin              |     5 |     2 ||     7
Dodge: Dodged            |    35 |    42 ||    77
